 Dungeon Crawl Stone Soup version 0.31.0-7-gf635a9b802 (webtiles) character file.

Game seed: 13230492475607318083

131530 Amaterasu the Fencer (level 17, -4/98 HPs)
             Began as a Vine Stalker Fighter on Jan 23, 2024.
             Was a High Priest of Nemelex Xobeh.
             Slain by a merfolk
             ... wielding a +0 trident
              (11 damage)
             ... on level 1 of the Shoals.
             The game lasted 01:21:43 (21701 turns).

Amaterasu the Fencer (Vine Stalker Fighter)        Turns: 21701, Time: 01:21:43

Health: -4/98      AC: 27    Str: 39    XL:     17   Next: 10%
Magic:  0/24       EV: 11    Int: 13    God:    Nemelex Xobeh [*****.]
Gold:   1187       SH: 23    Dex: 20    Spells: 16/16 levels left

rFire   . . .        K - +4 double sword "With Two Names" {freeze, rElec Int+3}
rCold   . . .        m - +5 Storm Queen's Shield {shock, Fly rElec}
rNeg    . . .        y - +3 plate armour of Past Mistakes {rElec rPois rCorr Str+3}
rPois   +            e - +0 helmet
rElec   +            E - +1 cloak
rCorr   +            (no gloves)
SInv    .            f - +4 pair of boots of Disguise {Str+3}
Will    ++...        j - amulet "Uqeimesot" {Reflect Regen+ Int+2 SH+5} Stlth
                     z - +6 ring of strength
HPRegen 1.96/turn    V - +6 ring of dexterity
MPRegen 0.19/turn

%: reflection, guardian spirit
@: about to teleport, marked, flying, mesmerised
A: fangs 3, regeneration 1, magic shield, antimagic bite, no potion heal 2
a: Renounce Religion, Draw Escape, Draw Destruction, Draw Summoning, Triple
Draw, Deal Four, Stack Five


You were on level 1 of the Shoals.
You worshipped Nemelex Xobeh.
Nemelex Xobeh was extremely pleased with you.
You visited 5 branches of the dungeon, and saw 24 of its levels.
You also visited: Sewer, Ossuary, Bailey, Ice Cave and Volcano.

You collected 2846 gold pieces.
You spent 1659 gold pieces at shops.

Inventory:

Hand Weapons
 K - the +4 double sword "With Two Names" (weapon) {freeze, rElec Int+3}
   (You acquired it in a bailey)

   Int+3:     It affects your intelligence (+3).
   rElec:     It insulates you from electricity.
 Z - a +3 scimitar of flaming
Missiles
 a - 5 atropa-tipped darts (quivered)
 l - a throwing net
 p - 5 datura-tipped darts
Armour
 e - a +0 helmet (worn)
 f - the +4 pair of boots of Disguise (worn) {Str+3}
   (You acquired it on level 1 of the Dungeon)

   Str+3:     It affects your strength (+3).
 m - the +5 Storm Queen's Shield (worn) {shock, Fly rElec}
   (You took it off an efreet on level 11 of the Dungeon)

   Shock:     When it blocks an attack, it may electrocute the attacker.
   This works even against foes who are a short distance away.
   rElec:     It insulates you from electricity.
   Fly:       It grants you flight.
 y - the +3 plate armour of Past Mistakes (worn) {rElec rPois rCorr Str+3}
   (You bought it in a shop on level 2 of the Orcish Mines)

   Str+3:     It affects your strength (+3).
   rElec:     It insulates you from electricity.
   rPois:     It protects you from poison rCorr: It protects you from acid and
   corrosion.
 E - a +1 cloak (worn)
Jewellery
 j - the amulet "Uqeimesot" (around neck) {Reflect Regen+ Int+2 SH+5}
   (You bought it in a shop on level 15 of the Dungeon)

   [amulet of reflection]

   Reflect:   It reflects blocked missile attacks.
   Int+2:     It affects your intelligence (+2).
   Regen+:    It increases your rate of health regeneration.
   SH+5:      It affects your SH (+5).
 t - a ring of protection from fire
 z - a +6 ring of strength (left hand)
 V - a +6 ring of dexterity (right hand)
Wands
 d - a wand of polymorph (16)
 g - a wand of quicksilver (6)
 C - a wand of paralysis (13)
 H - a wand of iceblast (8)
 O - a wand of mindburst (3)
 W - a wand of flame (22)
Scrolls
 b - a scroll of silence
 h - 6 scrolls of enchant armour
 r - a scroll of blinking
 v - 6 scrolls of teleportation
 x - 6 scrolls of identify
 A - a scroll of poison
 F - 3 scrolls of enchant weapon
 I - 3 scrolls of fear
 R - a scroll of immolation
 S - 2 scrolls of revelation
 X - 3 scrolls of fog
Potions
 c - a potion of brilliance
 i - 10 potions of curing
 k - 3 potions of invisibility
 s - 2 potions of attraction
 B - 4 potions of mutation
 D - 4 potions of resistance
 J - 3 potions of haste
 L - 6 potions of might
 M - a potion of cancellation
 P - 5 potions of lignification
 U - a potion of berserk rage
 Y - a potion of enlightenment


   Skills:
 * Level 14.8 Fighting
 * Level 16.8 Long Blades
 * Level 10.9 Armour
 * Level 4.8 Dodging
 * Level 10.8 Shields
 * Level 8.6 Invocations
 - Level 8.0 Evocations


You had 16 spell levels left.
You didn't know any spells.
Your spell library contained the following spells:

 Spells                   Type           Power      Damage    Failure   Level
 Apportation              Tloc           0%         N/A       89%         1
 Freeze                   Ice            0%         1d3       89%         1
 Kiss of Death            Conj/Necr      0%         2d5       89%         1
 Necrotise                Necr           0%         1d4       89%         1
 Sandblast                Erth           0%         2d4       89%         1
 Slow                     Hex            0%         N/A       89%         1
 Sting                    Conj/Alch      0%         1d3       89%         1
 Summon Small Mammal      Summ           0%         N/A       89%         1
 Blink                    Tloc           0%         N/A       96%         2
 Call Imp                 Summ           0%         N/A       96%         2
 Cigotuvi's Dreadful Rot  Necr/Alch/Air  0%         N/A       96%         2
 Jinxbite                 Hex            0%         N/A       96%         2
 Sublimation of Blood     Necr           0%         N/A       96%         2
 Confusing Touch          Hex            0%         N/A       99%         3
 Frozen Ramparts          Ice            0%         1d1       99%         3
 Fugue of the Fallen      Necr           0%         N/A       99%         3
 Hailstorm                Conj/Ice       0%         3d5       99%         3
 Inner Flame              Hex/Fire       0%         N/A       99%         3
 Ozocubu's Armour         Ice            0%         N/A       99%         3
 Sigil of Binding         Hex            0%         N/A       99%         3
 Stone Arrow              Conj/Erth      0%         3d7       99%         3
 Vampiric Draining        Necr           0%         2d6       99%         3
 Volatile Blastmotes      Fire/Tloc      0%         2d10      99%         3
 Anguish                  Hex/Necr       0%         N/A       100%        4
 Animate Armour           Summ/Erth      0%         N/A       100%        4
 Brom's Barrelling Bould  Conj/Erth      0%         2d3       100%        4
 Cause Fear               Hex            0%         N/A       100%        4
 Dispel Undead            Necr           0%         3d6       100%        4
 Fulminant Prism          Conj/Alch      0%         3d5       100%        4
 Ignite Poison            Fire/Alch      0%         N/A       100%        4
 Iskenderun's Mystic Bla  Conj/Tloc      0%         2d3       100%        4
 Leda's Liquefaction      Alch/Erth      0%         N/A       100%        4
 Manifold Assault         Tloc           0%         N/A       100%        4
 Freezing Cloud           Conj/Ice/Air   0%         6-21      100%        5
 Irradiate                Conj/Alch      0%         3d11      100%        5
 Lee's Rapid Deconstruct  Erth           0%         3d4*      100%        5
 Metabolic Englaciation   Hex/Ice        0%         N/A       100%        5
 Summon Forest            Summ/Tloc      0%         N/A       100%        5
 Summon Mana Viper        Hex/Summ       0%         N/A       100%        5
 Yara's Violent Unravell  Hex/Alch       0%         3d3       100%        5
 Bombard                  Conj/Erth      0%         9d1       100%        6
 Sculpt Simulacrum        Ice/Alch       0%         N/A       100%        6
 Summon Cactus Giant      Summ           0%         N/A       100%        6
 Enfeeble                 Hex            0%         N/A       100%        7
 Summon Hydra             Summ           0%         N/A       100%        7
 Ignition                 Fire           0%         3d3       100%        8
 Lehudib's Crystal Spear  Conj/Erth      0%         10d2      100%        8


Dungeon Overview and Level Annotations

Branches:
Dungeon (15/15)            Temple (1/1) D:7            Lair (5/5) D:10
 Shoals (1/4) Lair:2        Snake (0/4) Lair:2        Slime (0/5) Lair:4
    Orc (2/2) D:10            Elf (0/3) Orc:2        Vaults (0/5) D:13
 Depths (0/4) D:15          Sewer (visited)         Ossuary (visited)
 Bailey (visited)           IceCv (visited)         Volcano (visited)

Altars:
Ashenzari
Cheibriados
Dithmenos
Elyvilon
Fedhas
Gozag
Hepliaklqana
Kikubaaqudgha
Makhleb
Nemelex Xobeh
Okawaru
Qazlal
Ru
Sif Muna
Trog
Uskayaw
Vehumet
Wu Jian
Xom
Yredelemnul
Zin
The Shining One

Shops:
D:13 (   D:15 **   Orc:2 *:[?(*((   Shoals:1 *

Portals:
Trove: D:12 (give 5 scrolls of blinking)

Annotations:
D:9 3 runed translucent doors, p0werm0de's ghost, journeyman BaSh
D:11 3 transporters
Lair:2 2 transporters, 112233's ghost, journeyman FeSh


Innate Abilities, Weirdness & Mutations

You have razor-sharp teeth.
Your natural rate of healing is unusually fast.
When hurt, damage is shared between your health and your magic reserves.
Your bite disrupts and absorbs the magic of your enemies.
Potions cannot restore your health.


Message History

Unknown command.
You closely miss the merfolk. You bite the merfolk. You drain its power.
You feel invigorated.
The merfolk is moderately wounded.
The merfolk javelineer throws a javelin.
The javelin pierces through you!
* * * LOW HITPOINT WARNING * * *
The merfolk javelineer throws a javelin.
The javelin pierces through you.
* * * LOW HITPOINT WARNING * * *
The javelin pierces through the merfolk aquamancer!
You block the merfolk's attack.
Your shield discharges, shocking the merfolk!
You block the merfolk's attack.
You block the merfolk aquamancer's attack.
Your shield discharges, shocking the merfolk aquamancer!
The merfolk misses you.
A wind drake comes into view.
The merfolk hits you from afar with a +2 trident of freezing.
* * * LOW HITPOINT WARNING * * *
The merfolk freezes you.
* * * LOW HITPOINT WARNING * * *
The merfolk hits you but does no damage.
The merfolk aquamancer hits you but does no damage.
Unknown command.
You slash the merfolk! You freeze the merfolk.
The merfolk is almost dead.
The merfolk avatar chants its luring song.
The merfolk closely misses you. You block the merfolk's attack.
The merfolk javelineer throws a javelin.
The javelin barely misses you.
The javelin pierces through the merfolk aquamancer!
You block the merfolk's attack.
The merfolk hits you but does no damage.
The merfolk javelineer throws a javelin.
The javelin pierces through you but does no damage.
The merfolk aquamancer completely misses you.
You block the merfolk's attack. The merfolk hits you with a +0 trident!
You die...
Your body disappears without a glow.

....(~~~≈≈≈ ....~~~~≈≈≈≈≈
...~~~~~≈≈k≈≈§≈≈≈≈≈≈≈≈≈≈≈
...~~~~~~≈≈≈≈≈§≈≈≈≈≈≈≈≈≈≈
..~~~~~~~(~~≈§§§X§≈≈≈≈≈≈≈
.~~~~~~~~~~~~~§§§§§§~~~~≈
~~≈≈≈~~~~~~~m.mm§§mm~~~~≈
≈≈≈≈PPP~~~~~...mm.~.~~~~≈
~≈~~PPP~~~~~...m@mm.~~~~≈.
~~~~PPPP~~~...$m~...~~~~~.≈
~..~~~~~~~....~~mm..~~~~≈≈≈
.....~~~~......(~$.~~~~≈≈≈≈
~..#.~~~...........~~~~≈≈≈≈
≈...P.
..........)~~~~≈≈≈≈≈≈#
≈≈≈~P
..........~~~~~≈≈≈≈≈≈#
≈≈≈≈≈
.......)..~≈~~≈≈≈≈≈≈≈#
≈≈#≈≈
..........~≈≈≈~≈≈≈≈≈≈#


You could see a merfolk avatar (mesmerising), 2 merfolk javelineers, 2 merfolk
aquamancers, a wind drake (repels missiles) and 8 merfolk.

Vanquished Creatures
  Jorgrun (D:15)
  2 krakens (Shoals:1)
  Louise (Shoals:1)
  A quicksilver ooze (IceCv)
  An orc warlord (Orc:1)
  A stone giant (Orc:2)
  A merfolk impaler (Shoals:1)
  A quicksilver dragon zombie (D:15)
  3 ettins (Orc:2)
  An entropy weaver (Lair:5)
  Josephine (D:10)
  7 vault guards (D:13)
  5 hydras
  Fannar (Lair:1)
  7 centaur warriors
  6 boulder beetles
  An ogre mage (D:11)
  A death knight (D:15)
  2 catoblepae (Lair:5)
  7 two-headed ogres
  2 death yaks (Lair:5)
  A hell hog (Volcano)
  A tengu warrior (D:13)
  A shock serpent (Lair:4)
  8 skeletal warriors
  A fire crab (Volcano)
  A sea snake (Shoals:1)
  A flayed ghost (D:15)
  2 harpies (Lair:2)
  2 lindwurms (Lair:5)
  A necromancer (D:15)
  3 deep elf pyromancers
  3 orc knights
  4 fauns (Shoals:1)
  9 manticores
  12 ugly things (D:15)
  17 cyclopes
  7 centaur zombies (D:15)
  14 elephants
  A meliai (D:11)
  A water nymph (Shoals:1)
  12 cane toads
  2 molten gargoyles (Volcano)
  6 black mambas
  2 black mambas (shapeshifter)
  3 gargoyles (D:12)
  Joseph (D:7)
  Maggie (D:7)
  An unseen horror (D:10)
  3 freezing wraiths (D:15)
  11 komodo dragons
  A rime drake (Lair:4)
  5 yaktaurs
  3 kobold demonologists (D:13)
  A yaktaur (shapeshifter) (D:14)
  An efreet (D:11)
  A guardian mummy (D:12)
  2 tengu conjurers
  9 trolls
  7 merfolk (Shoals:1)
  A troll (shapeshifter) (D:13)
  A hornet (D:5)
  A tyrant leech (D:15)
  2 wind drakes (Shoals:1)
  19 dream sheep
  3 polar bears
  Prince Ribbit (D:5)
  32 blink frogs
  4 meliai zombies (D:15)
  A raiju (Lair:5)
  A spriggan zombie (D:15)
  6 slime creatures
  A culicivora (Orc:2)
  A centaur simulacrum (D:11)
  A water elemental (Shoals:1)
  10 wraiths
  4 shadows
  37 yaks
  A hog (Orc:2)
  5 humans (D:13)
  6 fire bats (Volcano)
  4 vampires
  2 wyverns
  A spriggan skeleton (D:15)
  2 steam dragons (D:8)
  A golden eye (Orc:1)
  2 wargs (Orc:2)
  12 basilisks
  10 vampire mosquitoes
  Edmund (D:6)
  3 acid dragons
  A hell hound (Volcano)
  19 water moccasins
  21 orc warriors
  A swamp drake (D:10)
  2 black bears
  A sky beast (D:6)
  7 ogres
  9 wolves
  4 ice beasts
  An ogre (shapeshifter) (D:11)
  A crocodile (Lair:5)
  22 centaurs
  A phantom (D:6)
  4 kobold brigands
  A slime creature simulacrum (IceCv)
  11 bullfrogs
  A brain worm (Orc:2)
  2 glowing shapeshifter simulacra (IceCv)
  2 gnoll sergeants
  A scorpion (Orc:2)
  A burial acolyte (Ossuary)
  14 wights
  A ballistomycete (Lair:4)
  7 killer bees
  5 howler monkeys
  An electric eel (Lair:5)
  A lava snake (Volcano)
  2 bombardier beetles
  A hound (D:5)
  13 orc priests
  4 iguanas
  A sleepcap (D:5)
  14 orc wizards
  4 hell rats
  A shapeshifter simulacrum (IceCv)
  A mummy (Ossuary)
  22 gnolls
  5 river rats
  12 adders
  5 shadow imps
  2 white imps
  5 dart slugs
  A ribbon worm (D:2)
  85 orcs
  7 bats
  7 endoplasms
  A giant cockroach (D:4)
  8 hobgoblins
  9 jackals
  22 kobolds
  A quokka (D:4)
  16 ball pythons
  4 frilled lizards
  4 gnoll skeletons (Ossuary)
  9 goblins
  7 kobold skeletons (Ossuary)
  9 orc skeletons (Ossuary)
  9 rats
  A spectral hobgoblin (D:1)
  A butterfly (Lair:4)
  8 tentacles (Shoals:1)
834 creatures vanquished.

Vanquished Creatures (collateral kills)
  A wraith (D:10)
  A gnoll bouda (D:8)
  An orc priest (Orc:1)
  An orc wizard (Orc:1)
  2 gnolls (D:8)
6 creatures vanquished.

Vanquished Creatures (others)
  3 merfolk (Shoals:1)
  A steam dragon (Volcano)
  A gnoll (D:8)
  A kobold (D:4)
  21 tentacles (Shoals:1)
27 creatures vanquished.

Grand Total: 867 creatures vanquished

Notes
Turn   | Place    | Note
-------+----------+-------------------------------------------
     0 | D:1      | Amaterasu the Vine Stalker Fighter began the quest for the
                  | Orb.
     0 | D:1      | Reached XP level 1. HP: 11/11 MP: 2/2
    45 | D:1      | Reached XP level 2. HP: 16/16 MP: 3/3
    65 | D:1      | Reached skill level 2 in Long Blades
   229 | D:1      | Reached XP level 3. HP: 17/19 MP: 4/4
   261 | D:1      | Found a faded altar of an unknown god.
   542 | D:1      | Identified a scroll of acquirement
   542 | D:1      | Acquired the +4 pair of boots of Disguise {Str+3}
   831 | D:2      | Reached skill level 3 in Long Blades
  1271 | D:2      | Found a hazy altar of Hepliaklqana.
  1448 | D:3      | Reached XP level 4. HP: 23/23 MP: 5/5
  1653 | D:3      | Reached skill level 4 in Long Blades
  1834 | D:4      | Found a glowing drain.
  1853 | Sewer    | Entered a sewer
  1880 | Sewer    | Reached XP level 5. HP: 28/28 MP: 6/6
  1945 | Sewer    | Noticed a kobold brigand
  1963 | Sewer    | Killed a kobold brigand
  1964 | Sewer    | Reached skill level 5 in Long Blades
  2099 | Sewer    | Reached XP level 6. HP: 32/32 MP: 7/7
  2288 | D:4      | Noticed a black bear
  2299 | D:4      | Killed a black bear
  2355 | D:4      | You fall into a shaft and drop 2 floors!
  2473 | D:6      | Reached XP level 7. HP: 38/38 MP: 8/8
  2559 | D:6      | Reached skill level 5 in Fighting
  2800 | D:6      | Noticed Edmund
  2812 | D:6      | Killed Edmund
  2813 | D:6      | Gained mutation: You have razor-sharp teeth. [Vine Stalker
                  | growth]
  2813 | D:6      | Reached XP level 8. HP: 43/43 MP: 9/9
  3048 | D:6      | Found a sand-covered staircase.
  3054 | Ossuary  | Entered an ossuary
  3215 | Ossuary  | Found an ancient bone altar of Kikubaaqudgha.
  3235 | Ossuary  | Reached skill level 5 in Armour
  3335 | D:6      | Reached skill level 5 in Shields
  3341 | D:5      | Entered Level 5 of the Dungeon
  3409 | D:5      | Noticed a hornet
  4081 | D:5      | Noticed Prince Ribbit
  4089 | D:5      | Reached skill level 6 in Long Blades
  4102 | D:5      | Killed Prince Ribbit
  4103 | D:5      | Reached skill level 1 in Evocations
  4139 | D:5      | Reached XP level 9. HP: 47/47 MP: 8/10
  4536 | D:5      | Paralysed by a hornet for 2 turns
  4546 | D:5      | Killed a hornet
  4547 | D:5      | Reached skill level 7 in Long Blades
  5237 | D:7      | Noticed Maggie
  5256 | D:7      | Killed Maggie
  5257 | D:7      | Reached skill level 8 in Long Blades
  5431 | D:7      | Noticed Joseph
  5495 | D:7      | Killed Joseph
  5553 | D:7      | Found a flagged portal.
  5566 | Bailey   | Entered a bailey
  5935 | Bailey   | Acquired the +4 double sword "With Two Names" {freeze,
                  | rElec Int+3}
  5939 | Bailey   | Reached skill level 10 in Long Blades
  5939 | Bailey   | Reached XP level 10. HP: 50/50 MP: 11/11
  5984 | D:7      | Found a staircase to the Ecumenical Temple.
  5994 | Temple   | Entered the Ecumenical Temple
  6075 | Temple   | Became a worshipper of Nemelex Xobeh the Trickster
  6639 | D:8      | Reached skill level 1 in Invocations
  6639 | D:8      | Reached XP level 11. HP: 58/58 MP: 12/12
  6809 | D:8      | Noticed a two-headed ogre
  6823 | D:8      | Killed a two-headed ogre
  7320 | D:9      | Reached * piety under Nemelex Xobeh
  7441 | D:9      | Received a gift from Nemelex Xobeh
  7708 | D:9      | Found a runed translucent gate.
  7713 | D:9      | Found a runed translucent gate.
  7713 | D:9      | Noticed p0werm0de's ghost (journeyman BaSh)
  7714 | D:9      | Found a runed translucent gate.
  7714 | D:9      | Noticed an 11-headed hydra
  7812 | D:9      | Found a blossoming altar of Fedhas.
  7812 | D:9      | Found a hazy altar of Hepliaklqana.
  7820 | D:9      | Found an ornate altar of the Wu Jian Council.
  7822 | D:9      | Found an iron altar of Okawaru.
  7824 | D:9      | Found an opulent altar of Gozag.
  7900 | D:10     | Entered Level 10 of the Dungeon
  7900 | D:10     | Noticed a two-headed ogre
  7905 | D:10     | Killed a two-headed ogre
  7951 | D:10     | Acquired a manual of Fighting
  8010 | D:10     | Noticed Josephine
  8019 | D:10     | Identified the -2 hand axe of the Lamprey {freeze, ^Drain
                  | rPois rF+++ Dex+4}
  8024 | D:10     | Killed Josephine
  8039 | D:10     | Identified the +5 war axe "Lostraxt" {heavy, rF+ rC+}
  8086 | D:10     | Reached ** piety under Nemelex Xobeh
  8163 | D:10     | Reached skill level 11 in Long Blades
  8254 | D:10     | Found a staircase to the Lair.
  8510 | D:10     | Found a staircase to the Orcish Mines.
  8709 | Lair:1   | Entered Level 1 of the Lair of Beasts
  8726 | Lair:1   | Noticed a boulder beetle
  8764 | Lair:1   | Killed a boulder beetle
  8765 | Lair:1   | Reached XP level 12. HP: 60/65 MP: 15/15
  8776 | Lair:1   | Identified the +0 mace "Qoetraum" {flame, rN+}
  8778 | Lair:1   | Received a gift from Nemelex Xobeh
  8826 | Lair:1   | Noticed Fannar
  8837 | Lair:1   | Killed Fannar
  9200 | Lair:1   | Reached skill level 12 in Long Blades
  9810 | Lair:2   | Found a transporter.
  9963 | Lair:2   | Noticed 112233's ghost (journeyman FeSh)
  9971 | Lair:2   | Found a transporter.
 10002 | Lair:2   | Reached *** piety under Nemelex Xobeh
 10005 | Lair:2   | Reached skill level 10 in Fighting
 10106 | Lair:2   | Found a staircase to the Snake Pit.
 10239 | Lair:2   | Found a staircase to the Shoals.
 10258 | Lair:2   | Reached XP level 13. HP: 69/72 MP: 15/17
 10280 | Lair:2   | Got the Annotations on Terrain
 10285 | Lair:2   | Received a gift from Nemelex Xobeh
 10603 | Lair:3   | Reached skill level 5 in Evocations
 10704 | Lair:3   | Received a gift from Nemelex Xobeh
 10732 | Lair:3   | Reached skill level 13 in Long Blades
 11036 | Lair:3   | Reached **** piety under Nemelex Xobeh
 11036 | Lair:3   | Received a gift from Nemelex Xobeh
 11504 | Lair:4   | Received a gift from Nemelex Xobeh
 11645 | Lair:4   | Reached skill level 5 in Invocations
 11879 | Lair:4   | Received a gift from Nemelex Xobeh
 12433 | Lair:4   | Found a staircase to the Slime Pits.
 12629 | Lair:5   | Entered Level 5 of the Lair of Beasts
 12727 | Lair:5   | Reached ***** piety under Nemelex Xobeh
 12732 | Lair:5   | Reached skill level 14 in Long Blades
 12798 | Lair:5   | Reached XP level 14. HP: 63/79 MP: 14/19
 12844 | Lair:5   | Received a gift from Nemelex Xobeh
 13107 | Lair:5   | Got the Precepts of the Fault and the Compass
 13190 | Lair:5   | Reached skill level 1 in Dodging
 14030 | Orc:1    | Entered Level 1 of the Orcish Mines
 14034 | Orc:1    | Noticed an orc warlord
 14050 | Orc:1    | Killed an orc warlord
 14159 | Orc:1    | Received a gift from Nemelex Xobeh
 14315 | Orc:2    | Entered Level 2 of the Orcish Mines
 14315 | Orc:2    | Found a staircase to the Elven Halls.
 14326 | Orc:2    | Reached skill level 10 in Armour
 14329 | Orc:2    | Reached skill level 15 in Long Blades
 14353 | Orc:2    | Found Pynkus's Magic Scroll Emporium.
 14410 | Orc:2    | Found Niru's Book Emporium.
 14416 | Orc:2    | Bought a scroll of identify for 26 gold pieces
 14416 | Orc:2    | Bought a scroll of identify for 26 gold pieces
 14416 | Orc:2    | Bought a scroll of identify for 26 gold pieces
 14461 | Orc:2    | Found Poqa Piz's General Store.
 14510 | Orc:2    | Found a dark tunnel.
 14515 | Volcano  | Entered a volcano
 14580 | Volcano  | Received a gift from Nemelex Xobeh
 14704 | Volcano  | Found a radiant altar of Vehumet.
 14852 | Volcano  | Identified the +0 buckler "Ohaecwym" {rCorr Slay+5}
 15043 | Orc:2    | Noticed a stone giant
 15044 | Orc:2    | Found Vibudd's Antique Armour Boutique.
 15055 | Orc:2    | Killed a stone giant
 15070 | Orc:2    | Reached XP level 15. HP: 59/84 MP: 10/21
 15154 | Orc:2    | Bought a translucent plate armour for 840 gold pieces
 15154 | Orc:2    | Identified the +3 plate armour of Past Mistakes {rElec
                  | rPois rCorr Str+3} (You bought it in a shop on level 2 of
                  | the Orcish Mines)
 15177 | Orc:2    | Found Bettian's General Store.
 15360 | Orc:2    | Found Aqaleng's Antique Weapon Boutique.
 15377 | Orc:2    | Received a gift from Nemelex Xobeh
 15410 | Orc:2    | Found Fauhup's Weapon Shoppe.
 15539 | Orc:2    | Found Xeor's Weapon Shoppe.
 15948 | D:11     | Found a transporter.
 15954 | D:11     | Found a transporter.
 15990 | D:11     | Found a transporter.
 16033 | D:11     | Found a transporter.
 16223 | D:11     | Found a runed translucent door.
 16307 | D:11     | Found a runed translucent door.
 16308 | D:11     | Received a gift from Nemelex Xobeh
 16308 | D:11     | Found a runed translucent door.
 16316 | D:11     | Reached skill level 16 in Long Blades
 16360 | D:11     | Found a runed translucent door.
 16392 | D:11     | HP: 4/84 [skeletal warrior/+0 flail (11)]
 16395 | D:11     | Found a runed translucent door.
 16396 | D:11     | HP: 1/84 [efreet/bolt of fire (5)]
 17010 | D:12     | Found a portal to a secret trove of treasure.
 17751 | D:13     | Received a gift from Nemelex Xobeh
 17847 | D:13     | Found a frozen archway.
 17854 | IceCv    | Entered an ice cave
 18182 | D:13     | Received a gift from Nemelex Xobeh
 18207 | D:13     | Identified the +9 short sword "Wopu" {venom, Int+2 SInv
                  | Stlth+}
 18277 | D:13     | Reached ****** piety under Nemelex Xobeh
 18425 | D:13     | Reached XP level 16. HP: 91/91 MP: 22/22
 18629 | D:13     | Found Akhot's Antique Weapon Boutique.
 18718 | D:13     | Found a gate to the Vaults.
 18820 | D:14     | Received a gift from Nemelex Xobeh
 19059 | D:14     | Received a gift from Nemelex Xobeh
 19896 | D:15     | Entered Level 15 of the Dungeon
 19977 | D:15     | Received a gift from Nemelex Xobeh
 20014 | D:15     | Noticed Jorgrun
 20026 | D:15     | Killed Jorgrun
 20122 | D:15     | Reached skill level 10 in Shields
 20200 | D:15     | Identified the +8 morningstar "Vivelett" {freeze, Int+2
                  | Stlth+}
 20450 | D:15     | Found Hado Jiv's Neck Hole.
 20457 | D:15     | Bought the amulet "Uqeimesot" {Reflect Regen+ Int+2 SH+5}
                  | for 741 gold pieces
 20502 | D:15     | Found Fopose Wuck's General Store.
 20597 | D:15     | Found a staircase to the Depths.
 21162 | Shoals:1 | Entered Level 1 of the Shoals
 21162 | Shoals:1 | Noticed Louise
 21190 | Shoals:1 | Killed Louise
 21234 | Shoals:1 | Found Paicw's Assorted Antiques.
 21299 | Shoals:1 | Reached XP level 17. HP: 98/98 MP: 24/24
 21308 | Shoals:1 | Received a gift from Nemelex Xobeh
 21383 | Shoals:1 | Noticed a kraken
 21398 | Shoals:1 | Killed a kraken
 21429 | Shoals:1 | Noticed a kraken
 21434 | Shoals:1 | Noticed a kraken
 21441 | Shoals:1 | Killed a kraken
 21701 | Shoals:1 | Slain by a merfolk

Illustrated notes

Levels and vault maps discovered:
D:1:      ncdulo_lavacross, layout_basic,
          dreamdust_ecumenical_altar_drowned_temple
D:2:      layout_basic, basic_altar, chequers_decorated_corner
D:3:      layout_basic, minmay_misc_feat_columns, moated_statue
D:4:      layout_loops_ring, cheibrodos_sewer_entry_drain,
          kennysheep_small_spiral
D:5:      layout_loops_ring, grunt_decor_mini_mirrors, corexii_corridor_pit,
          uniq_prince_ribbit1
D:6:      layout_basic, nicolae_ossuary_entry_plus, uniq_edmund
D:7:      layout_loops_ring, minmay_temple_entry_overgrown, enter_bailey_3,
          uniq_maggie, uniq_joseph
D:8:      layout_rooms
D:9:      layout_basic, chequers_temple_overflow_minitemple,
          gammafunk_ghost_hydra_chop, corexii_corridor_pit,
          nicolae_figureground_sparkle
D:10:     layout_cave_pools, david_lair_generic, erik_orc_1, uniq_josephine
D:11:     minmay_the_grid_triangle_9x9_line_8_mashed
          [minmay_the_grid_triangle_9x9_fully_insulated_deathbox,
          minmay_the_grid_triangle_9x9_longest,
          minmay_the_grid_triangle_9x9_corrupted_corridor,
          minmay_the_grid_triangle_9x9_tough_junction,
          minmay_the_grid_triangle_9x9_semitri,
          minmay_the_grid_triangle_9x9_impossible_snake,
          minmay_the_grid_triangle_9x9_swiss_cheese,
          minmay_the_grid_triangle_9x9_prize_top_heavy], layout_cave_pools,
          small_statue_alley_a, minmay_holes, nicolae_transporter_intersection
D:12:     minmay_polygon_palace, layout_rooms, nicolae_trove_entry_path_of_doom
D:13:     layout_loops_ring, ximxim_vaults_locker_room, serial_shops, shop,
          portal_ice_cave_entry_pillars_1
D:14:     layout_basic, infiniplex_staircase_hallway_doors,
          kennysheep_generic_room_12
D:15:     gammafunk_depths_entry_grave, layout_basic, reono_crystal_passage,
          serial_undead, serial_undead_e, serial_undead_f, serial_undead_f,
          serial_undead_a, serial_undead_e, serial_undead_d, serial_shops,
          nicolae_shop_tiny_statue_garden, nicolae_shop_sticking_my_neck_out,
          uniq_jorgrun
Temple:   minmay_temple_bridge_d
Lair:1:   layout_long_grid, kennysheep_abandoned_house,
          infiniplex_staircase_pool_2, uniq_fannar
Lair:2:   layout_gridlike, nicolae_shoals_entry_roost,
          minmay_snake_entry_six_corridors, gammafunk_ghost_abyssal_escape
Lair:3:   layout_regular_city
Lair:4:   layout_cave_pods, minmay_slime_entry_oklob_enclosed,
          small_statue_intersection, lemuel_fruit_fields, lemuel_fruit_fields
Lair:5:   hangedman_lair_in_review, layout_loops_ring,
          grunt_forest_small_clearing_treed, serial_bayou_shore_a
Shoals:1: nicolae_shoals_lighthouse, layout_shoals, serial_shops,
          nicolae_shop_tiny_waterfront, nicolae_shoals_lost_giant_hut,
          nicolae_shoals_loop_pool, uniq_louise
Orc:1:    layout_caves
Orc:2:    grunt_orc_gardens, layout_diamond_mine, grunt_orc_garden,
          grunt_orc_garden, grunt_orc_garden, grunt_orc_garden, serial_shops,
          shop, shop, nicolae_lakefront_shop, shop, enter_volcano_4,
          nicolae_orc_pool_cavern

Skill      XL: |  1  2  3  4  5  6  7  8  9 10 11 12 13 14 15 16 |
---------------+-------------------------------------------------+-----
Long Blades    | 2 3 4 5 6 10 11 12 14 15 16 | 16.8
Fighting       | 3 4 5 6 8 10 11 12 13 14 | 14.8
Shields        | 4 5 6 7 8 9 10 | 10.8
Armour         | 4 5 7 8 9 10 | 10.9
Evocations     | 1 4 5 6 7 8 |  8.0
Invocations    | 1 3 4 5 6 7 8 |  8.6
Dodging        | 2 3 4 |  4.8

Action                     |  1- 3 |  4- 6 |  7- 9 | 10-12 | 13-15 | 16-18 || total
---------------------------+-------+-------+-------+-------+-------+-------++-------
  Melee: Long sword        |    65 |    16 |   382 |       |       |       ||   463
         Bite              |    19 |    29 |   133 |   152 |   322 |   160 ||   815
         Short sword       |    27 |   118 |    34 |       |       |       ||   179
         Double sword      |       |       |       |   498 |   897 |   421 ||  1816
  Throw: Dart              |     2 |     6 |       |     5 |     2 |       ||    15
 Invoke: Draw Summoning    |       |       |       |     2 |     5 |       ||     7
         Draw Destruction  |       |       |       |     4 |    36 |    28 ||    68
         Draw Escape       |       |       |       |       |     4 |       ||     4
         Deal Four         |       |       |       |       |     2 |       ||     2
  Evoke: Wand              |       |       |     2 |       |    15 |     2 ||    19
    Use: Scroll            |     7 |     6 |    12 |     3 |     8 |     4 ||    40
         Potion            |       |     2 |     4 |       |       |       ||     6
   Stab: Paralysed         |       |       |     7 |       |       |       ||     7
 Armour: Scale mail        |    63 |    75 |    83 |       |       |       ||   221
         Skin              |       |    10 |       |       |       |       ||    10
         Chain mail        |       |       |   147 |       |       |       ||   147
         Plate armour      |       |       |   102 |   398 |   752 |   251 ||  1503
  Dodge: Dodged            |    34 |    46 |   134 |   131 |   228 |    96 ||   669
  Block: Buckler           |    11 |    22 |    93 |    14 |       |       ||   140
         Kite shield       |       |       |       |   233 |   525 |   427 ||  1185
         Reflection        |       |       |       |       |       |    17 ||    17
